 Dungeon Crawl Stone Soup version 0.30-a0-743-gbfdf073431 (webtiles) character file.

Game seed: 9835126204141316001

214 BubbleThief the Trooper (level 5, -4/43 HPs)
             Began as a Demonspawn Fighter on Feb 8, 2023.
             Slain by an ogre
             ... wielding a +0 giant spiked club
              (24 damage)
             ... on level 4 of the Dungeon.
             The game lasted 00:03:31 (1947 turns).

BubbleThief the Trooper (Demonspawn Fighter)        Turns: 1947, Time: 00:03:32

Health: -4/43      AC: 10    Str: 19    XL:     5   Next: 59%
Magic:  5/5        EV: 10    Int:  9    God:
Gold:   102        SH:  4    Dex: 12    Spells: 4/4 levels left

rFire   + . .      SeeInvis .    a - +0 war axe
rCold   + . .      Faith    .    c - +0 buckler
rNeg    . . .      Spirit   .    q - +0 acid dragon scales
rPois   .          Reflect  .    k - +0 helmet
rElec   .          Harm     .    h - scarf {rC+ rF+}
rCorr   +          Rampage  .    (no gloves)
Will    .....                    e - +0 pair of boots
Stlth   +                        (no amulet)
HPRegen 0.27/turn                (no ring)
MPRegen 0.09/turn                (no ring)

@: no status effects
A: rugged brown scales 1, demonic magic 1, demonic touch 1
a: no special abilities


You were on level 4 of the Dungeon.
You visited 1 branch of the dungeon, and saw 4 of its levels.

You collected 102 gold pieces.

Inventory:

Hand Weapons
 a - a +0 war axe (weapon)
Armour
 c - a +0 buckler (worn)
 e - a +0 pair of boots (worn)
 h - a scarf of resistance (worn)
 k - a +0 helmet (worn)
 q - +0 acid dragon scales (worn)
 r - a +1 plate armour of poison resistance
Jewellery
 p - a ring of wizardry
Scrolls
 g - 2 scrolls of amnesia {unknown}
 i - a scroll of summoning {unknown}
 j - a scroll of magic mapping {unknown}
 n - 2 scrolls of blinking {unknown}
 o - a scroll of vulnerability {unknown}
 u - a scroll of identify {unknown}
Potions
 b - a potion of attraction {unknown}
 d - a potion of might
 f - 2 potions of curing {unknown}
 l - 2 potions of berserk rage {unknown}
 m - a potion of cancellation {unknown}
 s - a potion of flight {unknown}


   Skills:
 + Level 3.8 Fighting
 * Level 3.7 Axes
 + Level 3.5 Armour
 - Level 3.4 Shields


You had 4 spell levels left.
You didn't know any spells.
Your spell library contained the following spells:

 Spells                   Type           Power      Damage    Failure   Level
 Call Canine Familiar     Summ           0%         N/A       90%         3
 Portal Projectile        Hex/Tloc       0%         N/A       90%         3
 Leda's Liquefaction      Hex/Erth       0%         N/A       100%        4


Dungeon Overview and Level Annotations

Branches:
Dungeon (4/15)
 Temple: D:4-7

Altars:
Ashenzari
Gozag


Innate Abilities, Weirdness & Mutations

You are partially covered in rugged brown scales. (AC +1, +3% HP)
Spells you cast may paralyse adjacent enemies.
Your touch may inflict minor irresistible damage on your foes.


Message History

You barely miss the adder. You block the adder's attack.
The adder closely misses you.
You barely miss the adder. The adder bites you but does no damage.
The adder misses you.
You hit the adder.
The adder is heavily wounded.
The adder misses you.
You miss the adder.
The adder is heavily wounded.
The adder bites you but does no damage. The adder barely misses you.
You hit the adder but do no damage.
The adder is heavily wounded.
The adder barely misses you. x2
You hit the adder.
You kill the adder!
No target in view!
No target in view!
No target in view!
No target in view!
No target in view!
No target in view!
You see here an adder corpse.
An ogre comes into view. It is wielding a +0 giant spiked club.
Found 3 javelins and a scroll labelled APAIRY WIFFO.
You slash the ogre!
The ogre is heavily wounded.
You block the ogre's attack.
You barely miss the ogre.
The ogre is moderately wounded.
The ogre hits you with a +0 giant spiked club!!
Ouch! That really hurt!
You are too injured to fight recklessly!
You are too injured to fight recklessly!
You are too injured to fight recklessly!
You are too injured to fight recklessly!
You barely miss the ogre.
The ogre is moderately wounded.
The ogre hits you with a +0 giant spiked club!!
Ouch! That really hurt!
You die...

##...##
##8..8##.# ##..#
###..###.# ##.#
#.######.# #.#
#..##..†.# # #.#
##.....#.# .#
#.#
#####....##.####
..#
....#...........
#..
.(............#
.....###.@##..#
..... #.O# ..#
?... ##.# .#
.... #.. ...
#.#. #.... #.# .
#.#


You could see an ogre.

Vanquished Creatures
  A necrophage (D:4)
  An iguana (D:4)
  Robin (D:2)
  3 adders
  A dart slug (D:1)
  6 orcs
  6 endoplasms
  2 giant cockroaches (D:1)
  12 goblins
  11 hobgoblins
  8 jackals
  6 kobolds
  4 quokkas
  5 ball pythons
  4 bats
  3 frilled lizards (D:1)
  3 rats (D:1)
77 creatures vanquished.

Notes
Turn   | Place    | Note
-------+----------+-------------------------------------------
     0 | D:1      | BubbleThief the Demonspawn Fighter began the quest for the
                  | Orb.
     0 | D:1      | Reached XP level 1. HP: 18/18 MP: 1/1
   101 | D:1      | Gained mutation: You are partially covered in rugged brown
                  | scales. (AC +1, +3% HP) [demonic ancestry]
   101 | D:1      | Reached XP level 2. HP: 16/24 MP: 2/2
   345 | D:1      | Reached XP level 3. HP: 29/29 MP: 3/3
   824 | D:2      | Found a broken altar of Ashenzari.
   826 | D:2      | Noticed Robin
   859 | D:2      | Killed Robin
  1052 | D:2      | You fall into a shaft and drop 1 floor!
  1131 | D:3      | Gained mutation: Spells you cast may paralyse adjacent
                  | enemies. [demonic ancestry]
  1131 | D:3      | Reached XP level 4. HP: 36/36 MP: 4/4
  1605 | D:4      | Found an opulent altar of Gozag.
  1615 | D:4      | Noticed a necrophage
  1642 | D:4      | Killed a necrophage
  1643 | D:4      | Gained mutation: Your touch may inflict minor irresistible
                  | damage on your foes. [demonic ancestry]
  1643 | D:4      | Reached XP level 5. HP: 16/43 MP: 5/5
  1941 | D:4      | Noticed an ogre
  1947 | D:4      | Slain by an ogre

Illustrated notes

Levels and vault maps discovered:
D:1:      onia_arrival_mini_spirals, layout_basic, grunt_decor_junction
D:2:      layout_rooms, basic_altar, uniq_robin
D:3:      layout_basic
D:4:      cheibrodos_barr_body, layout_basic, kennysheep_vampire_church,
          nicolae_qazlal_eye_of_the_storm, mainiacjoe_overflow_cross_hatched,
          nicolae_uskayaw_dance_hall, minmay_temple_entry_hall, st_stairs_6

Skill      XL: |  1  2  3  4 |
---------------+-------------+-----
Axes           | 2 3 |  3.7
Shields        | 3 |  3.4
Armour         | 3 |  3.5
Fighting       | |  3.8

Action                     |  1- 3 |  4- 6 || total
---------------------------+-------+-------++-------
  Melee: War axe           |   116 |   113 ||   229
  Throw: Throwing net      |       |     1 ||     1
 Armour: Scale mail        |    71 |       ||    71
         Acid dragon scale |       |    52 ||    52
  Dodge: Dodged            |    56 |    83 ||   139
  Block: Buckler           |    29 |    28 ||    57

Table legend: (Time is in decaauts)
 A = Elapsed time spent in this place.
 B = Non-inter-level travel time spent in this place.
 C = Inter-level travel time spent in this place.
 D = Time resting spent in this place.
 E = Time spent auto-exploring this place.
 F = Levels seen in this place.
 G = Mean time per level.
                   A        B        C        D        E       F      G
               +--------+--------+--------+--------+--------+-----+--------+
         Total |   2038 |   1929 |    109 |      0 |   1389 |   4 |  509.5 |
       Dungeon |   2038 |   1929 |    109 |      0 |   1389 |   4 |  509.5 |
               +--------+--------+--------+--------+--------+-----+--------+

Top non-repeatable levels by time:
     D:1: 824 daAuts
     D:3: 568 daAuts
     D:4: 376 daAuts
     D:2: 270 daAuts
